 Dungeon Crawl Stone Soup version 0.28-b1-25-g9875b3fc8c (webtiles) character file.

Game seed: 8058208388252226505

2606 pkoi the Basher (level 9, 0/71 HPs)
             Began as a Minotaur Fighter on Feb 1, 2022.
             Was an Elder of Cheibriados.
             Slain by a steam dragon (4 damage)
             ... on level 6 of the Dungeon.
             The game lasted 00:05:14 (6324 turns).

pkoi the Basher (Minotaur Fighter)                  Turns: 6324, Time: 00:05:15

Health: 0/71       AC: 11    Str: 31    XL:     9   Next: 33%
Magic:  13/13      EV:  7    Int: 17    God:    Cheibriados [****..]
Gold:   304        SH: 11    Dex: 22    Spells: 5/8 levels left

rFire   . . .      SeeInvis .   a - +1 whip (elec)
rCold   . . .      Faith    .   c - +0 buckler
rNeg    . . .      Spirit   .   m - +0 plate armour
rPois   .          Reflect  +   (helmet restricted)
rElec   .          Harm     .   (no cloak)
rCorr   +          Rampage  .   (no gloves)
Will    .....                   (no boots)
Stlth   ..........              i - amulet of reflection
HPRegen 0.21/turn               n - ring of resist corrosion
MPRegen 0.13/turn               (no ring)

@: very slow
A: horns 2, retaliatory headbutt
a: Renounce Religion, Bend Time, Temporal Distortion, Slouch


You were on level 6 of the Dungeon.
You worshipped Cheibriados.
Cheibriados was greatly pleased with you.
You visited 1 branch of the dungeon, and saw 6 of its levels.

You collected 304 gold pieces.

Inventory:

Hand Weapons
 a - a +1 whip of electrocution (weapon)
 f - a +0 flail
Missiles
 j - 2 poisoned darts (quivered)
Armour
 b - a +0 scale mail
 c - a +0 buckler (worn)
 m - a +0 plate armour (worn)
Jewellery
 i - an amulet of reflection (around neck)
 n - a ring of resist corrosion (left hand)
 t - a ring of wizardry
 y - the amulet "Lamuf" {rC- Regen+ rCorr Int-4 Dex+7}
   (You found it on level 6 of the Dungeon)

   [amulet of regeneration]

   Int:       It affects your intelligence (-4).
   Dex:       It affects your dexterity (+7).
   rC:        It makes you vulnerable to cold.
   Regen:     It increases your rate of health regeneration.
   rCorr:     It protects you from acid and corrosion.
Wands
 g - a wand of flame (45)
 o - a wand of acid (2)
 x - a wand of iceblast (5)
Scrolls
 e - a scroll of amnesia
 h - a scroll of summoning
 p - a scroll of teleportation {unknown}
 q - a scroll of identify
 r - a scroll of enchant weapon {unknown}
 u - a scroll of silence {unknown}
 w - a scroll of blinking {unknown}
 A - a scroll of immolation {unknown}
Potions
 d - 2 potions of might
 k - a potion of heal wounds
 l - a potion of attraction
 s - a potion of invisibility {unknown}
 v - 2 potions of curing {unknown}
 z - a potion of cancellation {unknown}


   Skills:
 - Level 3.8 Fighting
 + Level 9.3 Maces & Flails
 - Level 3.8 Armour
 - Level 4.0 Shields
 + Level 7.3 Invocations
 + Level 6.1 Evocations


You had 5 spell levels left.
You knew the following spells:

 Your Spells              Type           Power      Damage    Failure   Level
a - Ozocubu's Armour      Ice            0%         N/A       100%        3

Your spell library contained the following spells:

 Spells                   Type           Power      Damage    Failure   Level
 Corpse Rot               Necr/Air       0%         N/A       99%         2
 Dispel Undead            Necr           0%         3d6       100%        4
 Fireball                 Conj/Fire      0%         3d3       100%        5
 Metabolic Englaciation   Hex/Ice        0%         N/A       100%        5
 Death Channel            Necr           0%         N/A       100%        6
 Simulacrum               Ice/Necr       0%         N/A       100%        6
 Starburst                Conj/Fire      0%         6d3       100%        6
 Ignition                 Fire           0%         3d3       100%        8


Dungeon Overview and Level Annotations

Branches:
Dungeon (6/15)
 Temple: D:4-7

Altars:
Cheibriados

Shops:
D:3 [

Annotations:
D:6 4 runed translucent doors


Innate Abilities, Weirdness & Mutations

You have a pair of horns on your head.
You reflexively headbutt those who attack you in melee.


Message History

No reachable target in view!
No reachable target in view!
No reachable target in view!
No reachable target in view!
No reachable target in view!
No reachable target in view!
You are engulfed in a cloud of scalding steam.
The steam dragon bites you but does no damage.
The steam dragon barely misses you. You block the steam dragon's attack.
The steam dragon claws you.
You closely miss the steam dragon. You headbutt the steam dragon!
The steam dragon is heavily wounded.
You are engulfed in a cloud of scalding steam.
You closely miss the steam dragon. Your headbutt misses the steam dragon.
The steam dragon is heavily wounded.
You are engulfed in a cloud of scalding steam.
The steam dragon breathes steam at you. The ball of steam hits you!
You hear a bark!
You hit the steam dragon. You headbutt the steam dragon.
The steam dragon is severely wounded.
You are engulfed in a cloud of scalding steam.
You hear a roar!
The steam dragon bites you!
* * * LOW HITPOINT WARNING * * *
The steam dragon claws you but does no damage.
You whack the steam dragon! Your headbutt misses the steam dragon.
The steam dragon is almost dead.
You barely miss the steam dragon.
The steam dragon is almost dead.
The steam dragon breathes steam at you. The ball of steam hits you!
* * * LOW HITPOINT WARNING * * *
Unknown command.
You completely miss the steam dragon.
The steam dragon is almost dead.
You are engulfed in a cloud of scalding steam.
* * * LOW HITPOINT WARNING * * *
The steam dragon bites you.
You die...

....#....(.....#..#.#)#.#####.###
....#...##++##.).#.##)#..........
.......##8Bg8#######..#......)...
....##.#8.... #....##.(........
.......#?.... # ######...........
.......#[... $# #...........
....#..#8....8# ##..........
.##....##8.g8##### #..........
.##..)..##++##.'@# #..........
.#..)).........##D# #..........
....##..#......# ## #...#######
....###.#......## ##.)..#
......#.#.......######.....#
###........................#
###.......##.......#.....#
##......##.......#.....#
#.....####.....########


You could see a steam dragon (catching breath).

Vanquished Creatures
  Pikel (D:4)
  A wraith (D:6)
  Menkaure (D:5)
  A water moccasin (D:5)
  2 black bears (D:5)
  An orc warrior (D:6)
  An ice beast (D:5)
  5 ogres
  2 phantoms (D:6)
  2 lemures (D:4)
  Blork the orc (D:4)
  A scorpion (D:5)
  2 water moccasin zombies (D:5)
  A wight (D:6)
  2 jellies
  A bullfrog zombie (D:5)
  3 orc priests
  4 hounds
  3 iguanas
  2 orc wizards (D:6)
  A hound zombie (D:5)
  A howler monkey zombie (D:5)
  5 adders
  2 adder skeletons (D:4)
  3 worms
  A dart slug (D:4)
  14 orcs
  4 ball pythons
  3 endoplasms
  A giant cockroach (D:1)
  3 goblins
  4 hobgoblins
  6 jackals (D:1)
  9 kobolds
  4 quokkas
  5 frilled lizards
  3 rats
106 creatures vanquished.

Vanquished Creatures (collateral kills)
  A hobgoblin (D:3)
1 creature vanquished.

Vanquished Creatures (others)
  A shadow imp (D:6)
1 creature vanquished.

Grand Total: 108 creatures vanquished

Notes
Turn   | Place    | Note
-------+----------+-------------------------------------------
     0 | D:1      | pkoi the Minotaur Fighter began the quest for the Orb.
     0 | D:1      | Reached XP level 1. HP: 19/19 MP: 0/0
    46 | D:1      | Found a faded altar of an unknown god.
   221 | D:1      | Prayed at the altar of an unknown god.
   221 | D:1      | Became a worshipper of Cheibriados the Contemplative
   221 | D:1      | Reached * piety under Cheibriados
   251 | D:1      | Reached XP level 2. HP: 24/27 MP: 1/1
   673 | D:1      | Reached skill level 3 in Maces & Flails
   811 | D:1      | Reached skill level 1 in Invocations
   921 | D:2      | Reached XP level 3. HP: 25/33 MP: 2/2
  1064 | D:2      | Reached ** piety under Cheibriados
  2022 | D:3      | Reached skill level 4 in Maces & Flails
  2022 | D:3      | Reached XP level 4. HP: 24/40 MP: 4/4
  2161 | D:3      | Found Nejorit's Armour Emporium.
  2176 | D:3      | Reached XP level 5. HP: 19/46 MP: 5/5
  2989 | D:4      | Noticed a lemure
  2990 | D:4      | Noticed a lemure
  3001 | D:4      | Killed a lemure
  3022 | D:4      | Killed a lemure
  3292 | D:4      | Noticed Pikel
  3293 | D:4      | Noticed a lemure
  3294 | D:4      | Noticed a lemure
  3310 | D:4      | Killed Pikel
  3311 | D:4      | Reached skill level 6 in Maces & Flails
  3311 | D:4      | Reached XP level 6. HP: 14/52 MP: 6/8
  3311 | D:4      | Reached XP level 7. HP: 16/58 MP: 6/9
  3318 | D:4      | Reached *** piety under Cheibriados
  3715 | D:4      | Noticed Blork the orc
  3726 | D:4      | Killed Blork the orc
  3949 | D:5      | Entered Level 5 of the Dungeon
  3992 | D:5      | Noticed Menkaure
  3999 | D:5      | Killed Menkaure
  4193 | D:5      | Reached skill level 5 in Invocations
  4366 | D:5      | Reached skill level 7 in Maces & Flails
  4366 | D:5      | Reached XP level 8. HP: 58/66 MP: 10/10
  4998 | D:5      | Reached skill level 8 in Maces & Flails
  5056 | D:5      | Reached **** piety under Cheibriados
  5057 | D:5      | Reached skill level 5 in Evocations
  5543 | D:6      | Found a large runed translucent door.
  5544 | D:6      | Found a large runed translucent door.
  5545 | D:6      | Found a large runed translucent door.
  5545 | D:6      | Found a large runed translucent door.
  5551 | D:6      | Reached XP level 9. HP: 56/71 MP: 11/13
  5785 | D:6      | Learned a level 3 spell: Ozocubu's Armour
  5851 | D:6      | Identified the +2 trident of Profit {venom, rPois rN+}
  5851 | D:6      | Noticed a boulder beetle
  5866 | D:6      | Reached skill level 9 in Maces & Flails
  6207 | D:6      | Identified the amulet "Lamuf" {rC- Regen+ rCorr Int-4
                  | Dex+7}
  6324 | D:6      | Slain by a steam dragon

Illustrated notes

Levels and vault maps discovered:
D:1:      lordsloth_arrival_two_stooges, layout_basic,
          shapermc_ecumenical_altar_acropolis, corexii_corridor_pit
D:2:      layout_loops_ring, kennysheep_generic_room_2
D:3:      layout_basic, serial_shops, shop
D:4:      layout_loops_ring, uniq_blork_the_orc, uniq_pikel
D:5:      minmay_skewed_foursquare, layout_loops_corners, uniq_menkaure
D:6:      layout_rooms, minmay_hollow_rounded_squares

Skill      XL: |  1  2  3  4  5  6  7  8  9 |
---------------+----------------------------+-----
Shields        | 4 |  4.0
Maces & Flails | 3 4 6 7 8 9 |  9.3
Invocations    | 1 2 4 5 6 7 |  7.3
Evocations     | 3 4 5 6 |  6.1
Fighting       | |  3.8
Armour         | |  3.8

Action                   |  1- 3 |  4- 6 |  7- 9 || total
-------------------------+-------+-------+-------++-------
Melee: Flail             |    95 |    64 |     2 ||   161
       Headbutt          |    13 |     3 |    38 ||    54
       Whip              |       |       |   207 ||   207
  Use: Scroll            |     5 |       |     1 ||     6
       Potion            |       |     3 |     1 ||     4
Armor: Scale mail        |    56 |    12 |       ||    68
       Plate armour      |       |     7 |    52 ||    59
       Skin              |       |     3 |     1 ||     4
Dodge: Dodged            |    36 |    25 |    30 ||    91
Block: Buckler           |    21 |    17 |    73 ||   111
